 Dungeon Crawl Stone Soup version 0.20-a0-947-g2784f4f (webtiles) character file.

1303 qqqbard the Carver (level 8, 0/71 HPs)
             Began as a Minotaur Fighter on Apr 3, 2017.
             Was an Initiate of Wu Jian.
             Shot with an arrow by a centaur (7 damage)
             ... on level 6 of the Dungeon.
             The game lasted 00:09:10 (4878 turns).

qqqbard the Carver (Minotaur Fighter)               Turns: 4878, Time: 00:09:11

Health: 0/71       AC: 10    Str: 24    XL:     8   Next: 31%
Magic:  7/7        EV:  8    Int:  5    God:    Wu Jian [......]
Gold:   179        SH:  0    Dex:  9    Spells: 7/7 levels left

rFire    + . .     SeeInvis .   C - +0 great sword
rCold    . . .     Gourm    .   (shield currently unavailable)
rNeg     . . .     Faith    .   m - +0 chain mail {rF+}
rPois    .         Spirit   .   (helmet restricted)
rElec    .         Reflect  .   (no cloak)
rCorr    .         Harm     .   (no gloves)
MR       .....                  (no boots)
Stlth    ..........             (no amulet)
Regen    0.3/turn               (no ring)
MPRegen  0.1/turn               (no ring)

@: about to teleport
A: retaliatory headbutt, horns 2
a: Renounce Religion


You were on level 6 of the Dungeon.
You worshipped Wu Jian.
Wu Jian was noncommittal.
You were not hungry.

You visited 2 branches of the dungeon, and saw 7 of its levels.

You collected 300 gold pieces.
You spent 121 gold pieces at shops.

Inventory:

Hand Weapons
 a - a +0 long sword
 C - a +0 great sword (weapon)
Armour
 c - a +0 shield
 m - a +0 chain mail of fire resistance (worn)
Jewellery
 l - a +1 ring of evasion {unknown}
 s - a cursed ring of protection from fire {unknown}
 w - an uncursed ring of stealth {unknown}
 F - an uncursed ring of protection from cold {unknown}
Wands
 y - a wand of iceblast (8/15)
 D - a wand of random effects (40/48)
Scrolls
 b - a scroll of blinking {unknown}
 e - 3 scrolls of immolation {unknown}
 o - 8 scrolls of remove curse
 q - 2 scrolls of magic mapping {unknown}
 v - 7 scrolls of identify
Potions
 d - 2 potions of might
 g - 2 potions of magic {unknown}
 i - a potion of curing {unknown}
 j - 2 potions of brilliance {unknown}
 n - a potion of resistance {unknown}
 p - 2 potions of agility {unknown}
 t - a potion of lignification {unknown}
 x - 2 potions of heal wounds {unknown}
 z - a potion of degeneration {unknown}
 A - 2 potions of cancellation {unknown}
Books
 r - a book of Minor Magic

   Spells                             Type                      Level
   a - Magic Dart                     Conjuration                  1
   b - Blink                          Translocation                2
   c - Call Imp                       Summoning                    2
   d - Slow                           Hexes                        2
   e - Conjure Flame                  Conjuration/Fire             3
   f - Mephitic Cloud                 Conjuration/Poison/Air       3
Comestibles
 f - 6 bread rations
 k - a royal jelly
 u - 2 meat rations
 B - 2 fruits
 E - a chunk of flesh


   Skills:
 * Level 6.7 Fighting
 + Level 9.7 Long Blades
 + Level 5.9 Armour
 - Level 3.9 Shields


You had 7 spell levels left.
You didn't know any spells.

Dungeon Overview and Level Annotations

Branches:
Dungeon (6/15)             Temple (1/1) D:5

Altars:
Ashenzari
Cheibriados
Dithmenos
Fedhas
Gozag
Hepliaklqana
Kikubaaqudgha
Okawaru
Ru
Trog
Uskayaw
Vehumet
Wu Jian
Zin
The Shining One

Shops:
D:4 :?*}%   D:5 *

Annotations:
D:3 qqqbard's ghost, amateur GrFi


Innate Abilities, Weirdness & Mutations

You reflexively headbutt those who attack you in melee.
You have a pair of horns on your head.


Message History

Unknown command.
A quokka skeleton comes into view.
The centaur shoots an arrow.
The arrow completely misses you.
The centaur shoots an arrow.
The arrow barely misses you.
The centaur shoots an arrow.
The arrow hits you but does no damage.
The centaur shoots an arrow.
The arrow hits you!
The centaur shoots an arrow.
The arrow hits you.
* * * LOW HITPOINT WARNING * * *
The centaur shoots an arrow.
The arrow hits you but does no damage.
Things that are here:
5 arrows; an iguana corpse
As you read the scroll of teleportation, it crumbles to dust.
You feel strangely unstable.
The centaur shoots an arrow.
The arrow barely misses you.
The centaur shoots an arrow.
The arrow hits you!
* * * LOW HITPOINT WARNING * * *
The centaur shoots an arrow.
The arrow hits you.
* * * LOW HITPOINT WARNING * * *
The centaur shoots an arrow.
The arrow barely misses you.
The centaur shoots an arrow.
The arrow hits you!
You die...

.........≈≈≈≈≈≈≈≈≈..#
........≈≈≈≈≈≈≈≈≈≈c.#+#.
.......#≈≈≈≈≈≈≈≈≈≈.c....
.(...<.#≈≈≈≈≈≈≈≈≈≈≈ccc..
........≈≈≈≈≈≈≈≈≈≈≈≈≈c.≈
.######..≈≈≈≈≈≈≈≈≈≈≈≈≈≈≈
## ##....≈≈≈≈≈≈≈≈≈≈≈≈
####....(≈≈≈≈≈≈≈≈
#####.@≈≈≈≈## ##((...Z..
#########


You could see 6 centaurs and a quokka skeleton.

Vanquished Creatures
  A black bear (D:4)
  An ogre (D:5)
  2 centaurs
  A water moccasin zombie (D:6)
  2 scorpions (D:4)
  A howler monkey (D:5)
  A bullfrog zombie (D:5)
  3 centaur skeletons
  Terence (D:3)
  A bullfrog skeleton (D:5)
  7 orc wizards
  3 iguanas
  4 worker ants (D:5)
  A hound zombie (D:5)
  2 hound skeletons
  5 gnolls
  3 adders (D:2)
  A shadow imp (D:6)
  An ooze (D:1)
  An adder zombie (D:5)
  An adder skeleton (D:4)
  2 worms
  A dart slug (D:2)
  2 leopard geckos (D:3)
  17 orcs
  4 bats
  3 giant cockroaches
  12 goblins
  7 hobgoblins
  8 jackals
  4 kobolds
  A quokka (D:2)
  7 frilled lizards
  9 rats
120 creatures vanquished.

Notes
Turn   | Place    | Note
-------+----------+-------------------------------------------
     0 | D:1      | qqqbard the Minotaur Fighter began the quest for the Orb.
     0 | D:1      | Reached XP level 1. HP: 19/19 MP: 0/0
   126 | D:1      | Reached skill level 3 in Long Blades
   214 | D:1      | Reached XP level 2. HP: 26/26 MP: 1/1
   621 | D:1      | Reached skill level 4 in Long Blades
   891 | D:2      | Reached XP level 3. HP: 26/31 MP: 2/2
   986 | D:2      | Reached skill level 5 in Long Blades
  1036 | D:2      | Found an opulent altar of Gozag.
  1127 | D:2      | Reached XP level 4. HP: 33/39 MP: 3/3
  1790 | D:3      | Reached skill level 6 in Long Blades
  1804 | D:3      | Reached XP level 5. HP: 13/45 MP: 4/4
  1927 | D:3      | Noticed qqqbard's ghost (amateur GrFi)
  2003 | D:3      | Noticed Terence
  2229 | D:3      | Killed Terence
  2476 | D:4      | Reached skill level 7 in Long Blades
  2514 | D:4      | Found Leclixke's Book Emporium.
  2522 | D:4      | Noticed a black bear
  2529 | D:4      | Killed a black bear
  2529 | D:4      | Reached skill level 8 in Long Blades
  2529 | D:4      | Reached XP level 6. HP: 47/51 MP: 5/5
  2634 | D:4      | Found Daudghups's Magic Scroll Boutique.
  2641 | D:4      | Bought a scroll of identify for 22 gold pieces
  2641 | D:4      | Bought a scroll of identify for 22 gold pieces
  2641 | D:4      | Bought a scroll of remove curse for 33 gold pieces
  2641 | D:4      | Bought a scroll of identify for 22 gold pieces
  2641 | D:4      | Bought a scroll of identify for 22 gold pieces
  2658 | D:4      | Found Bur Men's General Store.
  2675 | D:4      | Found Reicap's Gadget Shoppe.
  2902 | D:4      | Reached skill level 9 in Long Blades
  2973 | D:4      | Reached XP level 7. HP: 22/58 MP: 6/6
  3031 | D:4      | Found Pyseug's Food Boutique.
  3327 | D:5      | Entered Level 5 of the Dungeon
  3338 | D:5      | Found Apuvue's General Store.
  3425 | D:5      | Reached skill level 5 in Fighting
  3425 | D:5      | Reached skill level 5 in Armour
  3659 | D:5      | Found a staircase to the Ecumenical Temple.
  3962 | D:5      | Reached XP level 8. HP: 63/70 MP: 7/7
  4226 | Temple   | Entered the Ecumenical Temple
  4321 | Temple   | Became a worshipper of the Wu Jian Council
  4389 | D:6      | Found a glowing golden altar of the Shining One.
  4393 | D:6      | Found a hazy altar of Hepliaklqana.
  4878 | D:6      | Shot with an arrow by a centaur

Vault maps used:
D:1:      kilobyte_arrival_exit_the_forest
D:2:      lemuel_crystal_altar, first_bread, minmay_stone_trees_small
D:3:      uniq_terence
D:4:      serial_shops, nicolae_shop_behind_doors, nicolae_shop_crystal,
          kennysheep_mini_moat, shop_statue, shop
D:5:      temple_doors_e, serial_shops, shop_statue
D:6:      kennysheep_housing_project, grunt_temple_overflow_open,
          hangedman_abyss_or_decor_stabs, centaur_isle, uniq_pikel, uniq_edmund
Temple:   nicolae_temple_hex_pool

Skill      XL: |  1  2  3  4  5  6  7  8 |
---------------+-------------------------+-----
Long Blades    | 3 4 5 6 8 9 |  9.7
Fighting       | 5 6 |  6.7
Armour         | 5 |  5.9
Shields        | |  3.9

Action                   |  1- 3 |  4- 6 |  7- 9 || total
-------------------------+-------+-------+-------++-------
Melee: Long sword        |    77 |   132 |    13 ||   222
       Headbutt          |    13 |    22 |    23 ||    58
       Great sword       |       |       |    88 ||    88
  Use: Scroll            |       |     4 |     1 ||     5
  Eat: Chunk             |     1 |     6 |     6 ||    13
Armor: Scale mail        |    21 |    14 |       ||    35
       Chain mail        |       |    42 |    60 ||   102
Dodge: Dodged            |    24 |    38 |    54 ||   116
Block: Shield            |    31 |    78 |     2 ||   111
       Rpst.: Long sword |    11 |    10 |     2 ||    23
       Great sword       |       |       |    12 ||    12
